 Dungeon Crawl Stone Soup version 0.25.1-2-g60ff931df9 (webtiles) character file.

Game seed: 10789708725302852882

55 solopath the Chiller (level 3, -4/24 HPs)
             Began as a Barachi Ice Elementalist on Nov 7, 2020.
             Slain by Sigmund
             ... wielding a +0 scythe
              (14 damage)
             ... on level 2 of the Dungeon.
             The game lasted 00:02:56 (1206 turns).

solopath the Chiller (Barachi Ice Elementalist)     Turns: 1206, Time: 00:02:57

Health: -4/24      AC:  2    Str:  5    XL:     3   Next: 93%
Magic:  2/7        EV: 12    Int: 16    God:
Gold:   17         SH:  0    Dex: 12    Spells: 3/7 levels left

rFire    . . .     SeeInvis .   h - +0 short sword
rCold    . . .     Gourm    .   (no shield)
rNeg     . . .     Faith    .   a - +0 robe
rPois    .         Spirit   .   (no helmet)
rElec    .         Reflect  .   (no cloak)
rCorr    .         Harm     .   (no gloves)
MR       .....                  (no boots)
Stlth    ++........             (no amulet)
HPRegen  0.08/turn              k - -4 ring of strength (curse)
MPRegen  0.10/turn              (no ring)

@: frozen ramparts, hasted, quick
A: +LOS, swims, slowness 1, strong legs 1
a: Hop


You were on level 2 of the Dungeon.
You were hungry.

You visited 1 branch of the dungeon, and saw 2 of its levels.

You collected 17 gold pieces.

Inventory:

Hand Weapons
 h - a +0 short sword (weapon)
Armour
 a - a +0 robe (worn)
Jewellery
 k - a cursed -4 ring of strength (left hand)
Scrolls
 f - a scroll of random uselessness
 g - a scroll of immolation
 i - a scroll of identify
 m - 2 scrolls of magic mapping {unknown}
Potions
 d - a potion of heal wounds {unknown}
 j - 2 potions of berserk rage
Comestibles
 b - 2 chunks of flesh
 c - 2 rations


   Skills:
 + Level 0.5 Short Blades
 - Level 2.1 Dodging
 + Level 2.4 Stealth
 + Level 2.7 Spellcasting
 * Level 5.7 Ice Magic


You had 3 spell levels left.
You knew the following spells:

 Your Spells              Type           Power        Failure   Level  Hunger
a - Freeze                Ice            ###.         1%          1    #......
b - Frozen Ramparts       Ice            ###...       5%          3    ###....

Your spell library contained the following spells:

 Spells                   Type           Power        Failure   Level  Hunger
 Ozocubu's Armour         Chrm/Ice       ##......     19%         3    ###....
 Hailstorm                Conj/Ice       ##......     52%         4    #####..
 Summon Ice Beast         Ice/Summ       ##......     52%         4    #####..


Dungeon Overview and Level Annotations

Branches:
Dungeon (2/15)

Altars:

Annotations:
D:2 Sigmund


Innate Abilities, Weirdness & Mutations

You can be seen from farther away. (+LOS)
You can swim through water.
You cover ground slowly.
You can hop short distances.


Message History

It was a potion of haste.
You feel yourself speed up.
The wall freezes Sigmund.
The wall freezes Sigmund.
Sigmund hits you with a +0 scythe.
You are too injured to fight recklessly!
Casting: Frozen Ramparts (quite dangerous; 5% risk of failure)
Confirm with . or Enter, or press ? or * to list all spells.
Aiming: Freeze (safe; 1% risk of failure)
Press: ? - help, Shift-Dir - straight line, f - Sigmund
Aim: Sigmund, wielding a +0 scythe and wearing a cursed +0 robe (moderately wounded)
You freeze Sigmund.
Sigmund is moderately wounded.
Casting: Freeze (safe; 1% risk of failure)
Confirm with . or Enter, or press ? or * to list all spells.
Aiming: Freeze (safe; 1% risk of failure)
Press: ? - help, Shift-Dir - straight line, f/p - Sigmund
Aim: Sigmund, wielding a +0 scythe and wearing a cursed +0 robe (moderately wounded)
You freeze Sigmund!
Sigmund is heavily wounded.
The wall freezes Sigmund.
Sigmund hits you with a +0 scythe!
Ouch! That really hurt!
You die...

## #########
.########.......#
........#.......###.#
........'.......@@(.#
........#.......###.#
#######.#.......##
#.###......#
#######.###.####.#
........(.>.# .#
........##..# .#
......####..# .#
............). .#


You could see Sigmund.

Vanquished Creatures
  Terence (D:2)
  A ball python (D:1)
  2 bats (D:1)
  2 giant cockroaches (D:1)
  3 goblins
  A hobgoblin (D:1)
  4 jackals (D:2)
  4 kobolds
  3 frilled lizards (D:1)
  7 rats
28 creatures vanquished.

Notes
Turn   | Place    | Note
-------+----------+-------------------------------------------
     0 | D:1      | solopath the Barachi Ice Elementalist began the quest for
                  | the Orb.
     0 | D:1      | Reached XP level 1. HP: 13/13 MP: 3/3
    77 | D:1      | Reached skill level 5 in Ice Magic
   104 | D:1      | Reached XP level 2. HP: 17/19 MP: 0/5
   737 | D:2      | Reached XP level 3. HP: 21/24 MP: 1/6
   980 | D:2      | Noticed Terence
   989 | D:2      | Killed Terence
  1188 | D:2      | Noticed Sigmund
  1195 | D:2      | Learned a level 3 spell: Frozen Ramparts
  1206 | D:2      | Slain by Sigmund

Illustrated notes

Levels and vault maps discovered:
D:1:      dpeg_arrival_rooms_c, layout_rooms, minmay_misc_feat_square,
          chequers_serial_rivers_room_a
D:2:      layout_basic, lightli_corner_chamber, uniq_terence, uniq_sigmund

Skill      XL: |  1 |
---------------+----+-----
Ice Magic      | 5 |  5.7
Stealth        | 2 |  2.4
Short Blades   | |  0.5
Dodging        | |  2.1
Spellcasting   | |  2.7

Action                   || total
-------------------------++-------
Melee: Unarmed           ||     7
       Club              ||    12
       Short sword       ||    13
 Cast: Freeze            ||    34
       Frozen Ramparts   ||     1
  Use: Scroll            ||     3
       Potion            ||     2
 Stab: Sleeping          ||     1
  Eat: Chunk             ||     1
Armor: Robe              ||    20
Dodge: Dodged            ||    51
